 Dungeon Crawl Stone Soup version 0.23.1 (console) character file.

Game seed: 1544604709123729411

607 fly the Changer (level 7, 0/64 HPs)
             Began as an Octopode Transmuter on Mar 16, 2019.
             Was an Initiate of Makhleb.
             Slain by Pikel
             ... wielding a +1 whip of electrocution
              (2 damage)
             ... on level 6 of the Dungeon.
             The game lasted 00:08:14 (5606 turns).

fly the Changer (Octopode Transmuter)               Turns: 5606, Time: 00:08:15

Health: 0/64       AC:  2    Str: 17    XL:     7   Next: 43%
Magic:  11/13      EV: 22    Int: 20    God:    Makhleb [......]
Gold:   213        SH:  0    Dex: 17    Spells: 3/14 levels left

rFire    . . .     SeeInvis +     - Unarmed
rCold    . . .     Gourm    .   (shield currently unavailable)
rNeg     . . .     Faith    .   (helmet currently unavailable)
rPois    x         Spirit   .   s - amulet of the acrobat
rElec    .         Reflect  .   m - ring of see invisible
rCorr    .         Harm     .   r - +5 ring of intelligence
MR       .....                  i - ring of attention (curse)
Stlth    ..........             (no ring)
HPRegen  0.20/turn              (no ring)
MPRegen  0.13/turn              (no ring)
                                (no ring)
                                (no ring)

@: berserking, spider-form (expiring), very quick
A: tiny, almost no armour, stealthy swim, (amphibious), 8 rings, (constrict 8)
a: End Transformation, Renounce Religion


You were on level 6 of the Dungeon.
You worshipped Makhleb.
Makhleb was noncommittal.
You were not hungry.
You were a venomous arachnid creature.
You visited 2 branches of the dungeon, and saw 7 of its levels.

You collected 213 gold pieces.

Inventory:

Hand Weapons
 a - a +5 quarterstaff of chaos (melded)
Missiles
 o - 57 arrows
Jewellery
 i - a cursed ring of attention (on tentacle)
 m - a ring of see invisible (left front leg)
 r - a +5 ring of intelligence (right front leg)
 s - an amulet of the acrobat (around neck)
Scrolls
 f - 2 scrolls of enchant armour
 g - a scroll of remove curse
 k - 4 scrolls of enchant weapon
 l - 2 scrolls of blinking {unknown}
 p - a scroll of immolation {unknown}
 t - a scroll of fog {unknown}
 u - 2 scrolls of magic mapping {unknown}
 v - 2 scrolls of random uselessness {unknown}
 w - 2 scrolls of teleportation {unknown}
Potions
 b - 3 potions of brilliance
 d - 3 potions of resistance
 e - a potion of degeneration {unknown}
 h - a potion of haste
 j - 2 potions of curing
 n - 2 potions of might
 q - a potion of berserk rage
Comestibles
 c - 12 rations
 x - a chunk of flesh


   Skills:
 + Level 1.0 Fighting
 + Level 4.0 Dodging
 - Level 3.0 Unarmed Combat
 - Level 4.0 Spellcasting
 - Level 6.0 Transmutations


You had 3 spell levels left.
You knew the following spells:

 Your Spells              Type           Power        Failure   Level  Hunger
b - Blade Hands           Tmut           ####......   52%         5    ######.
c - Sticks to Snakes      Tmut           ####....     7%          2    #......
s - Spider Form           Tmut/Pois      ###.......   26%         3    ###....
z - Beastly Appendage     Tmut           ####..       5%          1    None

Your spell library contained the following spells:

 Spells                   Type           Power        Failure   Level  Hunger
 Ice Form                 Ice/Tmut       ###.....     58%         4    ####...


Dungeon Overview and Level Annotations

Branches:
Dungeon (5/15)             Temple (1/1) D:4

Altars:
Ashenzari
Cheibriados
Dithmenos
Fedhas
Gozag
Hepliaklqana
Makhleb
Nemelex Xobeh
Okawaru
Ru
Sif Muna
Trog
Uskayaw
Vehumet
Xom
Yredelemnul
Zin
The Shining One

Annotations:
D:6 Pikel


Innate Abilities, Weirdness & Mutations

You cannot wear most types of armour.
You are very stealthy in the water. (Stealth+)
((You are amphibious.))
You can wear up to eight rings at the same time.
((You can use your tentacles to constrict eight enemies at once.))
((Your skin changes colour to match your surroundings (Stealth+).))
((Your rubbery body absorbs attacks. (AC +1, EV +1)))


Message History

You closely miss Pikel.
Pikel is heavily wounded.
Pikel hits you with a +1 whip of electrocution!
Pikel hits you with a +1 whip of electrocution.
You are electrocuted!
* * * LOW HITPOINT WARNING * * *
Press: ? - help, v - describe, . - travel
Here: Pikel, wielding a +1 whip of electrocution and wearing a +0 robe (severely wounded, fast, poisoned)
The floor.
Unknown command.
A worker ant comes into view.
The worker ant twitches its antennae in your direction.
Pikel completely misses you.
There is a stone staircase leading up here.
A red film seems to cover your vision as you go berserk!
You feel yourself moving faster!
You feel mighty! Pikel closely misses you.
You barely miss Pikel.
Pikel is severely wounded.
Pikel hits you with a +1 whip of electrocution.
You die...

#...... #.......
##...... ...
........## ..
...a_....# ..
.........# ....
.......#.#.#..#
#..s.#.#..#
#.##Kp....# # #p###..#
######## #.o# ..#
#....... .#.##.c###.#
#.......
.........##.###..(....
.........p..pco.......
....##.#.##o##p.......
.... #.#.##.##........


You could see Pikel, 3 slaves, a centaur, a worker ant and an orc.

Vanquished Creatures
  A phantom (D:4)
  An ogre (D:3)
  A bullfrog (D:3)
  A howler monkey (D:5)
  A hound (D:4)
  A jelly (D:5)
  Crazy Yiuf (D:2)
  A worker ant (D:4)
  Terence (D:2)
  A howler monkey zombie (D:2)
  Robin (D:2)
  4 gnolls (D:3)
  2 adders
  An ooze (D:1)
  3 worms
  3 dart slugs
  4 leopard geckos
  2 orcs
  8 bats
  4 giant cockroaches
  15 goblins
  10 hobgoblins
  11 jackals
  2 quokkas (D:4)
  A frilled lizard (D:1)
  10 kobolds
  A leopard gecko skeleton (D:5)
  A quokka skeleton (D:4)
  11 rats
  A fungus (D:2)
105 creatures vanquished.

Notes
Turn   | Place    | Note
-------+----------+-------------------------------------------
     0 | D:1      | fly the Octopode Transmuter began the quest for the Orb.
     0 | D:1      | Reached XP level 1. HP: 13/13 MP: 3/3
   247 | D:1      | Reached XP level 2. HP: 18/18 MP: 1/5
   330 | D:1      | Reached skill level 3 in Transmutations
   609 | D:1      | Reached XP level 3. HP: 21/23 MP: 4/6
   932 | D:2      | Noticed Terence
   942 | D:2      | Learned a level 3 spell: Spider Form
   945 | D:2      | Learned a level 2 spell: Sticks to Snakes
   958 | D:2      | Killed Terence
   958 | D:2      | Reached skill level 4 in Transmutations
   958 | D:2      | Reached XP level 4. HP: 28/28 MP: 4/7
  1018 | D:2      | Noticed Robin
  1309 | D:2      | Killed Robin
  1871 | D:2      | Found a glowing golden altar of the Shining One.
  1936 | D:2      | Reached skill level 5 in Transmutations
  2154 | D:2      | Found a runed translucent door.
  2155 | D:2      | Noticed Crazy Yiuf
  2164 | D:2      | Killed Crazy Yiuf
  2164 | D:2      | Reached XP level 5. HP: 8/33 MP: 4/8
  2499 | D:3      | Found a faded altar of an unknown god.
  2538 | D:3      | Found a bloodstained altar of Trog.
  2614 | D:3      | Reached skill level 6 in Transmutations
  2798 | D:3      | Reached XP level 6. HP: 38/38 MP: 9/9
  3762 | D:3      | Found a shimmering altar of Xom.
  3992 | D:3      | Learned a level 5 spell: Blade Hands
  4338 | D:4      | Found a deep blue altar of Sif Muna.
  4339 | D:4      | Found a shadowy altar of Dithmenos.
  4339 | D:4      | Noticed a phantom
  4375 | D:4      | Killed a phantom
  4375 | D:4      | Reached XP level 7. HP: 11/43 MP: 13/13
  4626 | D:4      | Found a staircase to the Ecumenical Temple.
  4646 | Temple   | Entered the Ecumenical Temple
  4830 | Temple   | Became a worshipper of Makhleb the Destroyer
  5055 | D:4      | Found a radiant altar of Vehumet.
  5342 | D:5      | Entered Level 5 of the Dungeon
  5580 | D:5      | You fall through a shaft!
  5581 | D:6      | Noticed Pikel
  5600 | D:6      | Found a hazy altar of Hepliaklqana.
  5602 | D:6      | HP: 1/43 [Pikel/+1 whip of electrocution (14)]
  5606 | D:6      | Slain by Pikel

Skill      XL: |  1  2  3  4  5  6  7 |
---------------+----------------------+-----
Transmutations | 3 4 5 6 |  6.0
Spellcasting   | 4 |  4.0
Dodging        | 3 4 |  4.0
Fighting       | |  1.0
Unarmed Combat | |  3.0

Action                   |  1- 3 |  4- 6 |  7- 9 || total
-------------------------+-------+-------+-------++-------
Melee: Unarmed           |    79 |    77 |     5 ||   161
       Constrict         |    21 |    28 |     6 ||    55
       Tentacles         |    10 |    11 |     3 ||    24
       Kick              |    12 |     5 |       ||    17
       Punch             |     1 |     3 |       ||     4
       Quarterstaff      |       |    63 |    23 ||    86
 Cast: Beastly Appendage |     9 |     1 |       ||    10
       Spider Form       |     1 |     8 |     1 ||    10
  Use: Scroll            |       |       |     9 ||     9
       Potion            |       |       |     1 ||     1
 Stab: Sleeping          |     1 |    11 |     2 ||    14
       Paralysed         |       |       |     1 ||     1
  Eat: Chunk             |       |    12 |     4 ||    16
Armor: Skin              |     5 |     3 |     2 ||    10
Dodge: Dodged            |    52 |    84 |    21 ||   157
